| TOP OF THE 1ST |
|
Chicago Cubs batting - Pitching for Arizona Diamondbacks : LHP Tim Wybenga
|
|
Pitching: LHP Tim Wybenga
|
|
|
Batting: RHB Yasuhide Kasahara
|
0-0: Ball 1-0: Fly out, F7 (Flyball, 7LD, EV 92.5 MPH)
|
|
Batting: RHB Kaeo Zirpoli
|
0-0: Ball 1-0: Ball 2-0: Fly out, F3 (Popup, 3F, EV 76.9 MPH)
|
|
Batting: RHB Efrain Vargas
|
0-0: Ball 1-0: Ball 2-0: Called Strike 2-1: Ball 3-1: Foul Ball, location: 2F 3-2: SINGLE (Groundball, P, EV 85.6 MPH) (infield hit)
|
|
Batting: RHB Josh Kalman
|
0-0: Foul Ball, location: 2F 0-1: Foul Ball, location: 2F 0-2: Foul Ball, location: 2F 0-2: Ball 1-2: Strikes out swinging
|
| Top of the 1st over - 0 runs, 1 hit, 0 errors, 1 left on base; Chicago 0 - Arizona 0 |
| BOTTOM OF THE 1ST |
|
Arizona Diamondbacks batting - Pitching for Chicago Cubs : RHP Chris Ray
|
|
Pitching: RHP Chris Ray
|
|
|
Batting: LHB Eric Klasek
|
0-0: Bunted foul 0-1: Ball 1-1: Ball 2-1: Ball 3-1: Ground out 6-3 (Groundball, 56, EV 105.0 MPH)
|
|
Batting: RHB Katilimomi Kelekolio
|
0-0: Ball 1-0: Ball 2-0: SINGLE (Groundball, 4D, EV 108.1 MPH)
|
|
Batting: LHB Joel Kunkler
|
0-0: Called Strike Katilimomi Kelekolio is caught stealing 2nd base 2-6 0-1: Swinging Strike 0-2: Strikes out swinging
|
| Bottom of the 1st over - 0 runs, 1 hit, 0 errors, 0 left on base; Chicago 0 - Arizona 0 |
| TOP OF THE 2ND |
|
Chicago Cubs batting - Pitching for Arizona Diamondbacks : LHP Tim Wybenga
|
|
Batting: LHB Kevin Norton
|
0-0: Foul Ball, location: 2F 0-1: Called Strike 0-2: Foul Ball, location: 2F 0-2: Ball 1-2: Fly out, F7 (Line Drive, 7, EV 94.4 MPH)
|
|
Batting: RHB Elijah Campbell
|
0-0: Swinging Strike 0-1: Ball 1-1: Foul Ball, location: 2F 1-2: Foul Ball, location: 2F 1-2: Ball 2-2: Foul Ball, location: 2F 2-2: Strikes out looking
|
|
Batting: SHB Seung-ho Zhang
|
0-0: Swinging Strike 0-1: Foul Ball, location: 2F 0-2: Foul Ball, location: 2F 0-2: Ball 1-2: Foul Ball, location: 2F 1-2: Ball 2-2: Strikes out swinging
|
| Top of the 2nd over - 0 runs, 0 hits, 0 errors, 0 left on base; Chicago 0 - Arizona 0 |
| BOTTOM OF THE 2ND |
|
Arizona Diamondbacks batting - Pitching for Chicago Cubs : RHP Chris Ray
|
|
Batting: SHB Alec Thorpe
|
0-0: Called Strike 0-1: Called Strike 0-2: Ball 1-2: Strikes out swinging
|
|
Batting: RHB David Price Jr.
|
0-0: SINGLE (Flyball, 8RS, EV 96.2 MPH)
|
|
Batting: RHB Andy Swaim
|
0-0: Ball 1-0: Foul Ball, location: 2F 1-1: Ball 2-1: Foul Ball, location: 2F 2-2: Strikes out swinging
|
|
Batting: LHB Armando Carbajal
|
0-0: Ball 1-0: Foul Ball, location: 2F 1-1: Foul Ball, location: 2F 1-2: Foul Ball, location: 2F 1-2: Foul Ball, location: 2F 1-2: 2-RUN HOME RUN (Flyball, 89XD, EV 99.4 MPH), Distance : 409 ft
|
|
Batting: SHB Salvador Aragon
|
0-0: Ball 1-0: Ball 2-0: Ground out 3-1 (Groundball, 34, EV 86.2 MPH)
|
| Bottom of the 2nd over - 2 runs, 2 hits, 0 errors, 0 left on base; Chicago 0 - Arizona 2 |
| TOP OF THE 3RD |
|
Chicago Cubs batting - Pitching for Arizona Diamondbacks : LHP Tim Wybenga
|
|
Batting: RHB Steve Bui
|
0-0: Called Strike 0-1: Ball 1-1: Foul Ball, location: 2F 1-2: SOLO HOME RUN (Flyball, 7D, EV 98.1 MPH), Distance : 357 ft
|
|
Batting: RHB Rich Thurman
|
0-0: Ground out 6-3 (Groundball, 6, EV 107.5 MPH)
|
|
Batting: RHB Yasuhide Kasahara
|
0-0: Foul Ball, location: 2F 0-1: Ball 1-1: Ball 2-1: Foul Ball, location: 2F 2-2: Ball 3-2: Strikes out swinging
|
|
Batting: RHB Kaeo Zirpoli
|
0-0: Ball 1-0: Swinging Strike 1-1: Ball 2-1: Ball 3-1: SINGLE (Line Drive, 56D, EV 97.5 MPH)
|
|
Batting: RHB Efrain Vargas
|
0-0: Ball 1-0: Fly out, F5 (Popup, 25F, EV 87.5 MPH)
|
| Top of the 3rd over - 1 run, 2 hits, 0 errors, 1 left on base; Chicago 1 - Arizona 2 |
| BOTTOM OF THE 3RD |
|
Arizona Diamondbacks batting - Pitching for Chicago Cubs : RHP Chris Ray
|
|
Batting: SHB Warren Eisner
|
0-0: Ground out 4-3 (Groundball, 4, EV 80.6 MPH)
|
|
Batting: LHB Eric Klasek
|
0-0: Called Strike 0-1: SINGLE (Flyball, 6MD, EV 83.8 MPH)
|
|
Batting: RHB Katilimomi Kelekolio
|
0-0: Ball Eric Klasek steals 2nd base 1-0: Ball 2-0: Ground out 6-3 (Groundball, 6, EV 76.9 MPH) Eric Klasek to third
|
|
Batting: LHB Joel Kunkler
|
0-0: Ball 1-0: Ball 2-0: Ball 3-0: Called Strike 3-1: Foul Ball, location: 2F 3-2: SINGLE (Line Drive, 6D, EV 95.0 MPH) Eric Klasek scores
|
|
Batting: SHB Alec Thorpe
|
0-0: Ball 1-0: Foul Ball, location: 2F 1-1: Ball 2-1: Ball 3-1: Base on Balls Joel Kunkler to second
|
|
Batting: RHB David Price Jr.
|
0-0: Ball 1-0: Ball 2-0: Ball 3-0: Called Strike 3-1: Foul Ball, location: 2F 3-2: Foul Ball, location: 2F 3-2: Base on Balls Joel Kunkler to third Alec Thorpe to second
|
|
Batting: RHB Andy Swaim
|
0-0: Called Strike 0-1: Fly out, F9 (Flyball, 9D, EV 101.2 MPH)
|
| Bottom of the 3rd over - 1 run, 2 hits, 0 errors, 3 left on base; Chicago 1 - Arizona 3 |
| TOP OF THE 4TH |
|
Chicago Cubs batting - Pitching for Arizona Diamondbacks : LHP Tim Wybenga
|
|
Batting: RHB Josh Kalman
|
0-0: Called Strike 0-1: Ball 1-1: Ground out 1-3 (Groundball, 15S, EV 71.9 MPH)
|
|
Batting: LHB Kevin Norton
|
0-0: Foul Ball, location: 2F 0-1: Foul Ball, location: 2F 0-2: Ball 1-2: Foul Ball, location: 2F 1-2: Fly out, F8 (Flyball, 8RM, EV 80.0 MPH)
|
|
Batting: RHB Elijah Campbell
|
0-0: Ground out 4-3 (Groundball, 34, EV 106.2 MPH)
|
| Top of the 4th over - 0 runs, 0 hits, 0 errors, 0 left on base; Chicago 1 - Arizona 3 |
| BOTTOM OF THE 4TH |
|
Arizona Diamondbacks batting - Pitching for Chicago Cubs : RHP Chris Ray
|
|
Batting: LHB Armando Carbajal
|
0-0: Ball 1-0: Called Strike 1-1: Ball 2-1: Called Strike 2-2: SOLO HOME RUN (Flyball, 78XD, EV 101.9 MPH), Distance : 404 ft
|
|
Batting: SHB Salvador Aragon
|
0-0: Swinging Strike 0-1: Called Strike 0-2: Ball 1-2: Strikes out swinging
|
|
Batting: SHB Warren Eisner
|
0-0: Fly out, F9 (Flyball, 9, EV 82.5 MPH)
|
|
Batting: LHB Eric Klasek
|
0-0: Ball 1-0: Swinging Strike 1-1: Swinging Strike 1-2: Strikes out swinging
|
| Bottom of the 4th over - 1 run, 1 hit, 0 errors, 0 left on base; Chicago 1 - Arizona 4 |
| TOP OF THE 5TH |
|
Chicago Cubs batting - Pitching for Arizona Diamondbacks : LHP Tim Wybenga
|
|
Batting: SHB Seung-ho Zhang
|
0-0: Swinging Strike 0-1: Ball 1-1: Foul Ball, location: 2F 1-2: Foul Ball, location: 2F 1-2: Strikes out swinging
|
|
Batting: RHB Steve Bui
|
0-0: Called Strike 0-1: Ball 1-1: Foul Ball, location: 2F 1-2: Ball 2-2: Ball 3-2: SINGLE (Groundball, 6MD, EV 108.8 MPH)
|
|
Batting: RHB Rich Thurman
|
0-0: Ball 1-0: DOUBLE (Line Drive, 3D, EV 100.0 MPH) Steve Bui to third
|
|
Batting: RHB Yasuhide Kasahara
|
0-0: Ball 1-0: Called Strike 1-1: Fly out, F6 (Line Drive, 6, EV 65.6 MPH) Lined into DP, 6-5 (Line Drive, 6, EV 68.1 MPH)
|
| Top of the 5th over - 0 runs, 2 hits, 0 errors, 1 left on base; Chicago 1 - Arizona 4 |
| BOTTOM OF THE 5TH |
|
Arizona Diamondbacks batting - Pitching for Chicago Cubs : RHP Chris Ray
|
|
Batting: RHB Katilimomi Kelekolio
|
0-0: Ball 1-0: Swinging Strike 1-1: Called Strike 1-2: Ball 2-2: Foul Ball, location: 2F 2-2: Strikes out swinging
|
|
Batting: LHB Joel Kunkler
|
0-0: Called Strike 0-1: Ball 1-1: Swinging Strike 1-2: Foul Ball, location: 2F 1-2: Ball 2-2: Fly out, F9 (Flyball, 89S, EV 92.5 MPH)
|
|
Batting: SHB Alec Thorpe
|
0-0: Foul Ball, location: 2F 0-1: Ball 1-1: Fly out, F8 (Flyball, 8RM, EV 90.0 MPH)
|
| Bottom of the 5th over - 0 runs, 0 hits, 0 errors, 0 left on base; Chicago 1 - Arizona 4 |
| TOP OF THE 6TH |
|
Chicago Cubs batting - Pitching for Arizona Diamondbacks : LHP Tim Wybenga
|
|
Batting: RHB Kaeo Zirpoli
|
0-0: Called Strike 0-1: Swinging Strike 0-2: Ball 1-2: Ball 2-2: Ball 3-2: Foul Ball, location: 2F 3-2: Ground out 4-3 (Groundball, 34, EV 81.9 MPH)
|
|
Batting: RHB Efrain Vargas
|
0-0: Ground out 1-3 (Groundball, 34S, EV 69.4 MPH)
|
|
Batting: RHB Josh Kalman
|
0-0: Ball 1-0: Called Strike 1-1: Ball 2-1: Foul Ball, location: 2F 2-2: Foul Ball, location: 2F 2-2: Strikes out looking and he ARGUES THE CALL AND IS TOSSED!
|
| Top of the 6th over - 0 runs, 0 hits, 0 errors, 0 left on base; Chicago 1 - Arizona 4 |
| BOTTOM OF THE 6TH |
|
Arizona Diamondbacks batting - Pitching for Chicago Cubs : RHP Chris Ray
|
|
Now at C: Terry Tuckfard
|
|
|
Batting: RHB David Price Jr.
|
0-0: Called Strike 0-1: Foul Ball, location: 2F 0-2: Foul Ball, location: 2F 0-2: Strikes out swinging
|
|
Batting: RHB Andy Swaim
|
0-0: Called Strike 0-1: Called Strike 0-2: Ball 1-2: Ball 2-2: Reached on error, E8 (Line Drive, 8RD, EV 91.2 MPH)
|
|
Batting: LHB Armando Carbajal
|
0-0: Foul Ball, location: 2F 0-1: Ball 1-1: Ball 2-1: Foul Ball, location: 2F 2-2: Foul Ball, location: 2F 2-2: Foul Ball, location: 2F 2-2: Foul Ball, location: 2F 2-2: Ball 3-2: Base on Balls
|
|
Batting: SHB Salvador Aragon
|
0-0: Called Strike 0-1: Ball 1-1: Grounds into double play, 6-4-3 (Groundball, 56D, EV 105.6 MPH)
|
| Bottom of the 6th over - 0 runs, 0 hits, 1 error, 1 left on base; Chicago 1 - Arizona 4 |
| TOP OF THE 7TH |
|
Chicago Cubs batting - Pitching for Arizona Diamondbacks : LHP Tim Wybenga
|
|
Batting: LHB Kevin Norton
|
0-0: Ball 1-0: Foul Ball, location: 2F 1-1: Foul Ball, location: 2F 1-2: Fly out, F9 (Line Drive, 9LM, EV 91.2 MPH)
|
|
Batting: RHB Elijah Campbell
|
0-0: Ball 1-0: Ground out 6-3 (Groundball, 6M, EV 100.6 MPH)
|
|
Batting: SHB Seung-ho Zhang
|
0-0: Ball 1-0: SINGLE (Groundball, 6MS, EV 64.4 MPH) (infield hit)
|
|
Batting: RHB Steve Bui
|
0-0: SINGLE (Groundball, 6MD, EV 103.1 MPH) Seung-ho Zhang to second Runner from 2nd tries for 3rd, SAFE, throw by CF made to third
|
|
Pitching: RHP Stanford Placard
|
|
|
Batting: RHB Rich Thurman
|
0-0: Called Strike 0-1: Ball 1-1: Foul Ball, location: 2F 1-2: Ball 2-2: Foul Ball, location: 2F 2-2: SINGLE (Groundball, 6MD, EV 103.1 MPH) (infield hit) Seung-ho Zhang scores Steve Bui to second
|
|
Pinch Runner at 2nd Shintaro Katsumata:
|
|
|
Batting: RHB Yasuhide Kasahara
|
0-0: Ball 1-0: Ball 2-0: Ball 3-0: Base on Balls Shintaro Katsumata to third Rich Thurman to second
|
|
Pinch Hitting: SHB Tim Hone
|
0-0: Foul Ball, location: 2F 0-1: Foul Ball, location: 2F 0-2: Foul Ball, location: 2F 0-2: Ball 1-2: Fly out, F6 (Popup, 6MD, EV 66.9 MPH)
|
| Top of the 7th over - 1 run, 3 hits, 0 errors, 3 left on base; Chicago 2 - Arizona 4 |
| BOTTOM OF THE 7TH |
|
Arizona Diamondbacks batting - Pitching for Chicago Cubs : RHP Chris Ray
|
|
Pitching: RHP Yeong-kil Suck
|
|
|
Now in CF: Kevin Norton
|
|
|
Now in RF: Tim Hone
|
|
|
Batting: SHB Warren Eisner
|
0-0: Foul Ball, location: 2F 0-1: Swinging Strike 0-2: Ball 1-2: Ball 2-2: Ball 3-2: Base on Balls
|
|
Batting: LHB Eric Klasek
|
0-0: Bunted foul 0-1: Ball 1-1: Sac Bunt to 13 - play at first, batter OUT! 1-3 Warren Eisner to second
|
|
Batting: RHB Katilimomi Kelekolio
|
0-0: Swinging Strike 0-1: Ball 1-1: SINGLE (Groundball, 56S, EV 65.6 MPH) (infield hit) Warren Eisner to third
|
|
Batting: LHB Joel Kunkler
|
0-0: Ball 1-0: Ball 2-0: Swinging Strike 2-1: Fly out, F7 (Line Drive, 78M, EV 100.0 MPH) Runner from 3rd tags up, SCORES, no throw by LF
|
|
Batting: SHB Alec Thorpe
|
0-0: Swinging Strike 0-1: Ball 1-1: Swinging Strike 1-2: Fly out, F7 (Line Drive, 7, EV 92.5 MPH)
|
| Bottom of the 7th over - 1 run, 1 hit, 0 errors, 1 left on base; Chicago 2 - Arizona 5 |
| TOP OF THE 8TH |
|
Chicago Cubs batting - Pitching for Arizona Diamondbacks : RHP Stanford Placard
|
|
Pitching: LHP Chris Baran
|
|
|
Batting: RHB Efrain Vargas
|
0-0: Foul Ball, location: 2F 0-1: Called Strike 0-2: Strikes out swinging
|
|
Batting: SHB Terry Tuckfard
|
0-0: Ball 1-0: Ball 2-0: Foul Ball, location: 2F 2-1: Ball 3-1: Base on Balls
|
|
Batting: LHB Kevin Norton
|
0-0: Ball 1-0: SINGLE (Groundball, 4, EV 115.0 MPH) Terry Tuckfard to second Runner from 2nd tries for 3rd, SAFE, throw by CF made to third
|
|
Batting: RHB Elijah Campbell
|
0-0: SINGLE (Groundball, 56D, EV 96.9 MPH) Terry Tuckfard scores Kevin Norton to second
|
|
Batting: SHB Seung-ho Zhang
|
0-0: Grounds into double play, 4-6-3 (Groundball, 4, EV 88.1 MPH)
|
| Top of the 8th over - 1 run, 2 hits, 0 errors, 1 left on base; Chicago 3 - Arizona 5 |
| BOTTOM OF THE 8TH |
|
Arizona Diamondbacks batting - Pitching for Chicago Cubs : RHP Yeong-kil Suck
|
|
Batting: RHB David Price Jr.
|
0-0: Fly out, F4 (Popup, 4D, EV 45.0 MPH)
|
|
Batting: RHB Andy Swaim
|
0-0: Ground out 5-3 (Groundball, 56S, EV 88.1 MPH)
|
|
Batting: LHB Armando Carbajal
|
0-0: Ball 1-0: Hit by Pitch
|
|
Batting: SHB Salvador Aragon
|
0-0: Fly out, F6 (Popup, 15, EV 89.4 MPH)
|
| Bottom of the 8th over - 0 runs, 0 hits, 0 errors, 1 left on base; Chicago 3 - Arizona 5 |
| TOP OF THE 9TH |
|
Chicago Cubs batting - Pitching for Arizona Diamondbacks : LHP Chris Baran
|
|
Batting: RHB Shintaro Katsumata
|
0-0: Ball 1-0: Ball 2-0: Swinging Strike 2-1: Foul Ball, location: 2F 2-2: Foul Ball, location: 2F 2-2: Strikes out looking
|
|
Batting: RHB Rich Thurman
|
0-0: Ball 1-0: Ball 2-0: Ball 3-0: Called Strike 3-1: Base on Balls
|
|
Batting: RHB Yasuhide Kasahara
|
0-0: Foul Ball, location: 2F 0-1: Called Strike 0-2: Foul Ball, location: 2F 0-2: Foul Ball, location: 2F 0-2: Fly out, F8 (Flyball, 78D, EV 96.2 MPH)
|
|
Batting: SHB Tim Hone
|
0-0: Fielders Choice at 2nd, 5-4 (Groundball, 56, EV 97.5 MPH)
|
| Top of the 9th over - 0 runs, 0 hits, 0 errors, 1 left on base; Chicago 3 - Arizona 5 |
|